Map: Simulacrum LE

Players

BewwyCwuncH

  • Race: Terran Terran
  • League: Grandmaster
  • Spawn Location: 5:00

MyPalSal

  • Race: Protoss Protoss
  • League: Grandmaster
  • Spawn Location: 11:00

VOD

Have the link to the VOD?

Description

Time

  • Played on: Jan. 30, 2020, 2:59 a.m.
  • Length: 24:15
Show
View Real Time Build Order
Export as new Build Order

BewwyCwuncH Terran 

Build Orders: Gas First Reaper Expand 

Get SALT Encoding   

  12  0:02  SCV  
  13  0:14  SCV  
  13  0:18  Supply Depot  
  14  0:26  SCV  
  15  0:32  Refinery  
  15  0:40  SCV  
  16  0:45  Barracks  
  16  0:52  SCV  
  17  1:04  SCV  
  18  1:16  SCV  
  19  1:33  Reaper, Orbital Command  
  20  1:51  Command Center  
  20  1:59  SCV  
  21  2:01  Factory  
  21  2:07  Refinery  
  21  2:09  Barracks Reactor  
  21  2:12  SCV  
  22  2:19  Supply Depot  
  22  2:24  SCV  
  23  2:41  SCV  
  24  2:45  Starport  
  24  2:53  SCV, Hellion x2  
  29  3:05  SCV, Supply Depot  
  29  3:06  Barracks Tech Lab  
  29  3:14  Hellion  
  31  3:26  SCV, Medivac  
  36  3:27  Hellion  
  36  3:38  Orbital Command  
  36  3:39  SCV  
  37  3:43  Bunker  
  37  3:51  SCV  
  37  3:55  Marine x2, Siege Tank  
  43  3:58  Starport Tech Lab  
  43  4:04  SCV x2  
  43  4:07  Supply Depot  
  45  4:14  Marine x2  
  47  4:27  Siege Tank  
  50  4:32  Marine  
  50  4:36  Marine  
  52  4:39  SCV  
  52  4:42  SCV  
  54  4:48  Barracks  
  54  4:49  Supply Depot  
  54  4:51  Barracks  
  54  4:52  SCV  
  55  4:55  Bunker  
  55  4:56  Marine x2  
  55  4:59  Siege Tank  
  60  5:01  SCV  
  60  5:04  SCV  
  62  5:09  Cloaking Field  
  62  5:13  Supply Depot, Banshee  
  62  5:14  SCV  
  66  5:17  SCV  
  66  5:19  Marine  
  66  5:21  Marine  
  69  5:26  SCV  
  70  5:30  Supply Depot  
  70  5:34  SCV  
  71  5:38  Factory Reactor, Supply Depot, Barracks Tech Lab  
  71  5:40  SCV  
  71  5:42  Marine  
  73  5:43  Marine  
  73  5:46  SCV  
  75  5:53  Stimpack  
  75  5:56  Banshee  
  78  5:59  Marine x2  
  78  6:01  Marine  
  78  6:02  Marine  
  82  6:06  Supply Depot  
  82  6:08  Refinery x2  
  82  6:09  Combat Shield  
  81  6:17  Widow Mine x2  
  85  6:23  Supply Depot, Marauder x2  
  85  6:24  Marine x2  
  91  6:29  SCV x2  
  93  6:41  Widow Mine  
  93  6:42  Widow Mine  
  97  6:48  Command Center  
  97  6:51  Marine, Marauder x2  
  102  6:58  Supply Depot  
  102  7:04  Supply Depot  
  102  7:06  Widow Mine  
  102  7:07  Supply Depot, Widow Mine  
  105  7:08  Marine  
  103  7:45  Starport Reactor  
  99  7:53  Marine x2, Marauder x2  
  99  7:54  Widow Mine x2  
  99  7:55  SCV  
  99  7:56  SCV  
  99  7:58  Barracks, Engineering Bay  
  102  7:59  Barracks  
  102  8:00  Engineering Bay  
  102  8:04  Orbital Command  
  102  8:10  SCV  
  102  8:11  Marine  
  104  8:12  Concussive Shells  
  104  8:14  Marine  
  104  8:16  SCV, Widow Mine x2  
  111  8:23  Medivac x2  
  111  8:25  Supply Depot  
  111  8:26  Supply Depot, Terran Infantry Weapons Level 1, Terran Infantry Armor Level 1  
  114  8:29  Marauder  
  116  8:37  Widow Mine  
  116  8:38  Marine, Widow Mine  
  114  8:53  Marauder  
  103  8:58  Widow Mine  
  103  9:02  Marauder  
  89  9:14  Marauder  
  89  9:16  Medivac  
  91  9:23  Marauder  
Show
View Real Time Build Order
Export as new Build Order

MyPalSal Protoss 

Build Orders: 1 Gate Expand, Blink Stalkers 

Get SALT Encoding   

  12  0:00  Probe  
  13  0:13  Probe  
  14  0:18  Pylon  
  14  0:25  Probe (Chrono Boost)  
  15  0:37  Probe (Chrono Boost)  
  15  0:39  Gateway  
  16  0:45  Probe (Chrono Boost)  
  16  0:47  Assimilator  
  17  0:51  Probe  
  18  1:03  Probe  
  19  1:15  Probe  
  20  1:27  Cybernetics Core  
  20  1:39  Nexus  
  20  1:44  Pylon  
  20  1:54  Probe  
  20  1:58  Assimilator  
  20  2:01  Adept (Chrono Boost)  
  21  2:04  Warp Gate  
  21  2:06  Probe  
  24  2:19  Probe  
  24  2:21  Stalker (Chrono Boost)  
  26  2:31  Probe  
  26  2:34  Twilight Council  
  27  2:43  Probe, Stalker  
  30  2:55  Probe  
  31  3:07  Probe  
  31  3:09  Probe  
  33  3:14  Blink (Chrono Boost)  
  33  3:15  Stalker (Chrono Boost)  
  36  3:20  Probe  
  36  3:24  Probe  
  37  3:30  Gateway  
  37  3:32  Probe  
  36  3:35  Gateway  
  36  3:37  Probe  
  37  3:44  Probe  
  38  3:50  Probe  
  38  3:51  Pylon  
  38  3:52  Stalker  
  41  3:58  Probe, Assimilator  
  42  4:12  Stalker  
  42  4:16  Probe (Chrono Boost)  
  46  4:22  Probe (Chrono Boost)  
  44  4:26  Probe (Chrono Boost)  
  44  4:27  Stalker  
  44  4:31  Probe x2 (Chrono Boost)  
  41  4:43  Probe (Chrono Boost)  
  43  4:45  Robotics Facility  
  43  4:46  Probe (Chrono Boost)  
  43  4:48  Probe (Chrono Boost)  
  44  4:53  Probe (Chrono Boost)  
  46  5:01  Probe (Chrono Boost)  
  46  5:05  Probe (Chrono Boost), Pylon  
  47  5:07  Stalker x2  
  47  5:09  Stalker  
  47  5:12  Probe (Chrono Boost)  
  54  5:17  Pylon  
  54  5:24  Probe (Chrono Boost)  
  54  5:25  Charge  
  56  5:29  Probe (Chrono Boost)  
  56  5:32  Probe (Chrono Boost)  
  56  5:33  Observer  
  59  5:36  Probe (Chrono Boost), Pylon  
  59  5:45  Nexus  
  59  5:49  Sentry  
  61  5:51  Probe (Chrono Boost)  
  61  5:54  Sentry  
  61  5:55  Assimilator, Observer  
  65  6:01  Zealot  
  65  6:03  Probe (Chrono Boost)  
  69  6:07  Probe (Chrono Boost), Pylon  
  69  6:12  Probe (Chrono Boost)  
  69  6:15  Probe (Chrono Boost)  
  69  6:16  Observer  
  72  6:20  Probe  
  72  6:21  Robotics Bay  
  73  6:27  Probe  
  73  6:29  Zealot x3  
  80  6:39  Probe  
  81  6:44  Pylon  
  81  6:48  Probe  
  81  6:52  Gateway  
  81  6:53  Gateway  
  82  6:55  Probe  
  82  6:56  Gateway  
  83  7:07  Probe  
  83  7:08  Probe, Assimilator  
  81  7:21  Probe  
  75  7:23  Probe  
  73  7:30  Stalker  
  73  7:31  Stalker x2  
  68  7:51  Probe x2 (Chrono Boost)  
  64  7:52  Stalker x3  
  64  7:57  Probe (Chrono Boost)  
  70  8:03  Probe x2 (Chrono Boost)  
  73  8:07  Probe (Chrono Boost)  
  73  8:08  Colossus (Chrono Boost)  
  73  8:10  Probe (Chrono Boost)  
  81  8:14  Probe (Chrono Boost)  
  81  8:19  Probe x2 (Chrono Boost)  
  83  8:26  Probe (Chrono Boost)  
  83  8:27  Probe x2 (Chrono Boost)  
  86  8:36  Probe  
  87  8:46  Stalker  
  87  8:47  Stalker x4  
  97  9:02  Stalker  
  64  9:33  Stalker x3  
  64  9:34  Stalker  
  58  9:57  Stalker x2  
  62  10:04  Nexus  
  42  11:45  Observer  
  42  11:48  Nexus  
  32  12:58  Stargate  
  32  14:02  Nexus  
  32  17:34  Assimilator  
  26  18:49  Assimilator  
Tags
 
Add a new tag
Caveats
  • Supply blocks, unpowered buildings, or Contaminate may cause inaccurate times.
  • Supply counts are checked every 10 seconds.